Flyers vs Canadiens
Created - February 19, 2018 at 19:18
Goals
|
Flyers |
0 |
0 |
3 |
3 |
Canadiens |
0 |
2 |
0 |
2 |
|
Shots
|
Flyers |
2 |
5 |
23 |
30 |
Canadiens |
12 |
13 |
6 |
31 |
|
1st period
No Goal
Penalties :
Jeff Carter (Phi) for Holding (Minor) at 12:35, Jason Spezza (Mon) for Roughing (Minor) at 17:27
2nd period
1. Canadiens , Patrick Sharp 12 (Sidney Crosby 43, Joe Pavelski 25) at 4:36 (PP)
2. Canadiens , Joe Pavelski 28 (Sidney Crosby 44, Patrick Sharp 34) at 15:39
Penalties :
Oliver Ekman-Larsson (Phi) for Interference (Minor) at 4:01, Jeff Woywitka (Phi) for Hooking (Minor) at 7:33
3rd period
3. Flyers , Jakub Voracek 23 (Kyle Wellwood 21, Oliver Ekman-Larsson 12) at 7:51
4. Flyers , Jonathan Ericsson 6 (Dany Heatley 18) at 8:29
5. Flyers , Rostislav Olesz 10 (Jeff Woywitka 23) at 10:00
Penalties :
Patrick Sharp (Mon) for Tripping (Minor) at 2:43, Vitaly Vishnevsky (Mon) for Holding (Minor) at 11:27, Dustin Boyd (Mon) for Hooking (Minor) at 14:11
Goalie Stats
Steve Mason (Phi), 29 saves from 31 shots - (0.935), W, 17-5-2, 60:00 minutes
Mikael Tellqvist (Mon), 27 saves from 30 shots - (0.900), L, 3-3-0, 59:58 minutes
Players Stats for Flyers
Player Name G A P +/- PIM S H SB GA TA FO MP PP MP PK MP
------------------------------------------------------------------------------------
Alexei Morozov 0 0 0 1 0 1 0 0 1 0 0/0 8:51 0:54 0:00
Dany Heatley 0 1 1 1 0 3 0 1 2 0 0/0 16:59 4:02 0:00
Drew Miller 0 0 0 0 0 3 2 0 0 0 0/0 10:41 0:48 0:00
J.T. Miller 0 0 0 0 0 2 1 1 1 0 0/1 20:20 2:59 1:15
Jakub Voracek 1 0 1 1 0 4 0 1 0 0 0/0 15:50 4:02 0:00
Jeff Carter 0 0 0 0 2 0 1 0 0 0 14/23 19:04 2:59 0:00
Jeff Woywitka 0 1 1 1 2 1 0 6 0 1 0/0 26:02 4:41 1:39
Jonathan Ericsson 1 0 1 1 0 5 2 2 0 1 0/0 25:05 4:41 2:56
Kyle Wellwood 0 1 1 1 0 2 1 1 0 1 6/13 18:02 4:02 1:50
Marcus Kruger 0 0 0 0 0 2 0 0 0 0 1/6 13:31 0:00 1:15
Mats Zuccarello 0 0 0 0 0 0 3 0 0 1 0/0 10:16 0:07 0:00
Matt Smaby 0 0 0 0 0 0 0 0 0 0 0/0 12:35 0:42 0:52
Matthew Lombardi 0 0 0 1 0 0 3 1 0 0 4/7 11:22 0:48 1:28
Nathan Paetsch 0 0 0 0 0 1 1 1 0 0 0/0 11:06 0:42 0:10
Oliver Ekman-Larsson 0 1 1 1 2 1 1 1 2 1 0/0 23:58 2:33 2:02
Rostislav Olesz 1 0 1 1 0 2 3 0 1 0 1/2 9:54 0:07 1:28
Stephane Robidas 0 0 0 1 0 0 2 2 0 0 0/0 21:27 2:33 1:27
Wayne Simmonds 0 0 0 0 0 3 1 2 2 1 2/4 20:20 3:00 1:50
Players Stats for Canadiens
Player Name G A P +/- PIM S H SB GA TA FO MP PP MP PK MP
------------------------------------------------------------------------------------
Adam Pardy 0 0 0 1 0 0 2 1 0 0 0/0 14:28 0:00 1:18
Andrew Ebbett 0 0 0 0 0 3 0 0 0 0 2/4 10:25 0:00 1:00
Brett Maclean 0 0 0 0 0 0 2 1 1 0 0/1 11:53 0:00 2:11
David Jones 0 0 0 -1 0 2 0 0 1 0 0/0 12:56 0:54 0:09
Dennis Wideman 0 0 0 -1 0 4 2 2 1 2 0/0 27:41 3:41 4:02
Dustin Boyd 0 0 0 0 2 2 3 1 0 0 3/5 9:55 0:00 0:30
Dustin Kohn 0 0 0 1 0 0 2 0 0 0 0/0 14:49 0:52 0:46
Evgeny Dadonov 0 0 0 0 0 2 0 0 1 0 1/1 9:23 0:00 0:00
Greg Stewart 0 0 0 -1 0 1 1 0 0 1 0/0 14:26 0:54 2:08
Jason Spezza 0 0 0 -1 2 3 2 0 0 0 8/13 15:31 0:54 3:01
Jiri Tlusty 0 0 0 0 0 1 2 0 0 0 0/0 9:23 0:00 0:00
Joe Pavelski 1 1 2 -1 0 2 2 0 1 1 0/1 22:42 3:39 1:48
Ladislav Nagy 0 0 0 0 0 0 1 0 0 0 0/0 10:01 0:00 0:36
Luke Schenn 0 0 0 -1 0 0 1 0 0 1 0/0 28:07 3:41 4:02
Patrick Sharp 1 1 2 -1 2 2 0 1 0 0 0/0 22:09 3:39 1:16
Sidney Crosby 0 2 2 -1 0 4 1 1 1 0 14/31 23:34 3:39 3:13
Vitaly Vishnevsky 0 0 0 -2 2 2 1 1 0 2 0/0 17:41 0:52 2:36
Wes O'Neill 0 0 0 -2 0 3 1 0 0 2 0/0 16:56 0:00 3:08
3 Stars
1 - Rostislav Olesz (Phi)
2 - Jonathan Ericsson (Phi)
3 - Joe Pavelski (Mon)
Power Play
Flyers - 0 on 4 Attempt(s) - 0.00%
Canadiens - 1 on 4 Attempt(s) - 25.00%
Penalty Kill
Flyers - 3 on 4 Attempt(s) - 75.00%
- Score 0 goal in Penalty Kill
Canadiens - 4 on 4 Attempt(s) - 100.00%
- Score 0 goal in Penalty Kill
Team Stat
Flyers - Hits : 21 - Faceoff Wins : 28 - Blocked Shots : 19 - Penalty Minutes : 6
Canadiens - Hits : 23 - Faceoff Wins : 28 - Blocked Shots : 8 - Penalty Minutes : 8
Official
Referees : L'Ecuyer Frederick and Kowal Tom
Linesman : Thor Nelson and Greg Devorski
Game Notes
0:22 of 3rd period - Penalty Shot by Jonathan Ericsson for Flyers - Stopped by Mikael Tellqvist
Finance
Level 1 -- Attendance: 5812 (96.87%) -- Ticket Income $511,456
Level 2 -- Attendance: 4965 (99.30%) -- Ticket Income $273,075
Level 3 -- Attendance: 2000 (100.00%) -- Ticket Income $72,000
Level 4 -- Attendance: 3928 (98.20%) -- Ticket Income $106,056
Luxury Box -- Attendance: 1000 (100.00%) -- Ticket Income $155,000
Game was played at the Centre Bell.
Total Attendance: 17705 (98.36%)
Total Ticket Income: $1,117,587
Other Income: $167,638
Total Income: $1,285,225
Flyers
5 vs 5 Forward
Center Left Wing Right Wing Time % Phy DF OF
1 Jeff Carter J.T. Miller Wayne Simmonds 40 1 1 3
2 Kyle Wellwood Dany Heatley Jakub Voracek 30 0 1 4
3 Marcus Kruger Drew Miller Mats Zuccarello 20 0 2 3
4 Matthew Lombardi Rostislav Olesz Alexei Morozov 10 0 3 2
5 vs 5 Defense
Defense Defense Time % Phy DF OF
1 Jonathan Ericsson Jeff Woywitka 40 0 2 3
2 Stephane Robidas Oliver Ekman-Larsson 30 0 2 3
3 Nathan Paetsch Matt Smaby 20 0 3 2
4 Oliver Ekman-Larsson Jeff Woywitka 10 0 2 3
PowerPlay Forward
Center Left Wing Right Wing Time % Phy DF OF
1 Jeff Carter J.T. Miller Wayne Simmonds 60 1 0 4
2 Kyle Wellwood Dany Heatley Jakub Voracek 40 0 0 5
PowerPlay Defense
Defense Defense Time % Phy DF OF
1 Jeff Woywitka Jonathan Ericsson 60 0 2 3
2 Stephane Robidas Oliver Ekman-Larsson 40 0 2 3
Penalty Kill 4 Players Forward
Center Wing Time % Phy DF OF
1 Matthew Lombardi Rostislav Olesz 60 0 5 0
2 Kyle Wellwood Wayne Simmonds 40 0 3 2
Penalty Kill 4 Players Defense
Defense Defense Time % Phy DF OF
1 Oliver Ekman-Larsson Stephane Robidas 60 0 5 0
2 Jeff Woywitka Jonathan Ericsson 40 0 5 0
Penalty Kill - 3 Players Forward
Forward Time % Phy DF OF
1 Matthew Lombardi 60 0 5 0
2 Kyle Wellwood 40 0 3 2
Penalty Kill - 3 Players Defense
Defense Defense Time % Phy DF OF
1 Oliver Ekman-Larsson Stephane Robidas 60 0 5 0
2 Jeff Woywitka Jonathan Ericsson 40 0 5 0
4 vs 4 Forward
Center Wing Time % Phy DF OF
1 Jeff Carter J.T. Miller 60 1 1 3
2 Kyle Wellwood Dany Heatley 40 0 1 4
4 vs 4 Defense
Defense Defense Time % Phy DF OF
1 Stephane Robidas Jonathan Ericsson 60 0 3 2
2 Jonathan Ericsson Jeff Woywitka 40 0 3 2
Last Minutes Offensive
Center Left Wing Right Wing Defense Defense
Jeff Carter Dany Heatley Jakub Voracek Jonathan Ericsson Jeff Woywitka
Last Minutes Defensive
Center Left Wing Right Wing Defense Defense
Matthew Lombardi Dany Heatley Wayne Simmonds Jonathan Ericsson Jeff Woywitka
Goaltenders
Starting : Steve Mason
Backup : Cory Schneider
Extra Forwards
Normal : Jeff Carter, Dany Heatley, Jakub Voracek - PP : Jeff Carter, Dany Heatley - PK : Matthew Lombardi
Extra Defensemen
Normal : Oliver Ekman-Larsson, Stephane Robidas, Jeff Woywitka - PP : Jeff Woywitka - PK : Oliver Ekman-Larsson, Jeff Woywitka
Penalty Shots
Jeff Carter, Kyle Wellwood, Dany Heatley, Alexei Morozov, Jakub Voracek
Scratches
None
Canadiens
5 vs 5 Forward
Center Left Wing Right Wing Time % Phy DF OF
1 Sidney Crosby Patrick Sharp Joe Pavelski 40 1 2 2
2 Jason Spezza Greg Stewart David Jones 30 1 2 2
3 Dustin Boyd Brett Maclean Evgeny Dadonov 20 1 2 2
4 Andrew Ebbett Ladislav Nagy Jiri Tlusty 10 1 2 2
5 vs 5 Defense
Defense Defense Time % Phy DF OF
1 Luke Schenn Dennis Wideman 40 1 2 2
2 Vitaly Vishnevsky Wes O'Neill 30 1 2 2
3 Dustin Kohn Adam Pardy 20 1 2 2
4 Luke Schenn Dennis Wideman 10 1 2 2
PowerPlay Forward
Center Left Wing Right Wing Time % Phy DF OF
1 Sidney Crosby Patrick Sharp Joe Pavelski 60 1 2 2
2 Jason Spezza Greg Stewart David Jones 40 1 2 2
PowerPlay Defense
Defense Defense Time % Phy DF OF
1 Luke Schenn Dennis Wideman 60 1 2 2
2 Vitaly Vishnevsky Dustin Kohn 40 1 2 2
Penalty Kill 4 Players Forward
Center Wing Time % Phy DF OF
1 Sidney Crosby Jason Spezza 60 1 2 2
2 Joe Pavelski Patrick Sharp 40 1 2 2
Penalty Kill 4 Players Defense
Defense Defense Time % Phy DF OF
1 Luke Schenn Dennis Wideman 60 1 2 2
2 Vitaly Vishnevsky Wes O'Neill 40 1 2 2
Penalty Kill - 3 Players Forward
Forward Time % Phy DF OF
1 Sidney Crosby 60 1 2 2
2 Jason Spezza 40 1 2 2
Penalty Kill - 3 Players Defense
Defense Defense Time % Phy DF OF
1 Luke Schenn Dennis Wideman 60 1 2 2
2 Vitaly Vishnevsky Wes O'Neill 40 1 2 2
4 vs 4 Forward
Center Wing Time % Phy DF OF
1 Sidney Crosby Jason Spezza 60 1 2 2
2 Joe Pavelski Patrick Sharp 40 1 2 2
4 vs 4 Defense
Defense Defense Time % Phy DF OF
1 Luke Schenn Dennis Wideman 60 1 2 2
2 Vitaly Vishnevsky Wes O'Neill 40 1 2 2
Last Minutes Offensive
Center Left Wing Right Wing Defense Defense
Sidney Crosby Patrick Sharp Joe Pavelski Luke Schenn Dennis Wideman
Last Minutes Defensive
Center Left Wing Right Wing Defense Defense
Sidney Crosby Patrick Sharp Joe Pavelski Luke Schenn Dennis Wideman
Goaltenders
Starting : Mikael Tellqvist
Backup : Jonathan Bernier
Extra Forwards
Normal : Dustin Boyd, Evgeny Dadonov, Brett Maclean - PP : Dustin Boyd, Evgeny Dadonov - PK : Brett Maclean
Extra Defensemen
Normal : Luke Schenn, Adam Pardy, Vitaly Vishnevsky - PP : Dennis Wideman - PK : Adam Pardy, Vitaly Vishnevsky
Penalty Shots
Sidney Crosby, Jason Spezza, Joe Pavelski, Patrick Sharp, Greg Stewart
Scratches
Maxim Kondratiev (Sprained Right Finger Injury)
% Time on Ice - Flyers
Lines # - Real PCT - Wanted PCT - Time Play
Normal Forward
1 - 35% - 40% - 16:06
2 - 26% - 30% - 12:10
3 - 21% - 20% - 9:47
4 - 18% - 10% - 8:19
Normal Defense
1 - 42% - 40% - 19:38
2 - 32% - 30% - 15:00
3 - 21% - 20% - 9:47
4 - 4% - 10% - 1:57
PP Forward
1 - 38% - 60% - 2:59
2 - 62% - 40% - 4:57
PP Defense
1 - 68% - 60% - 5:23
2 - 32% - 40% - 2:33
PK Forward
1 - 60% - 60% - 2:43
2 - 40% - 40% - 1:50
PK Defense
1 - 32% - 60% - 1:27
2 - 68% - 40% - 3:06
PK3 Forward
1 - 0% - 60%
2 - 0% - 40%
PK3 Defense
1 - 0% - 60%
2 - 0% - 40%
44 Forward
1 - 0% - 60%
2 - 0% - 40%
44 Defense
1 - 0% - 60%
2 - 0% - 40%
Last Minute Offensive - 0:00
Last Minute Defensive - 1:09
Total
Forward - 60:00
Defense - 60:00
|
% Time on Ice - Canadiens
Lines # - Real PCT - Wanted PCT - Time Play
Normal Forward
1 - 34% - 40% - 15:35
2 - 27% - 30% - 12:18
3 - 20% - 20% - 9:05
4 - 20% - 10% - 9:23
Normal Defense
1 - 40% - 40% - 18:19
2 - 29% - 30% - 13:39
3 - 27% - 20% - 12:30
4 - 4% - 10% - 1:53
PP Forward
1 - 80% - 60% - 3:39
2 - 20% - 40% - 0:54
PP Defense
1 - 81% - 60% - 3:41
2 - 19% - 40% - 0:52
PK Forward
1 - 77% - 60% - 6:08
2 - 23% - 40% - 1:48
PK Defense
1 - 51% - 60% - 4:02
2 - 49% - 40% - 3:54
PK3 Forward
1 - 0% - 60%
2 - 0% - 40%
PK3 Defense
1 - 0% - 60%
2 - 0% - 40%
44 Forward
1 - 0% - 60%
2 - 0% - 40%
44 Defense
1 - 0% - 60%
2 - 0% - 40%
Last Minute Offensive - 1:10
Last Minute Defensive - 0:00
Total
Forward - 60:00
Defense - 60:00
|
Play by Play
1st period
0:01 of 1st period - Jeff Carter wins face-off versus Sidney Crosby in neutral zone.
0:26 of 1st period - Slapshot by Jason Spezza.
0:26 of 1st period - Stopped by Steve Mason without a rebound.
0:27 of 1st period - Jason Spezza wins face-off versus Kyle Wellwood in Flyers zone.
0:28 of 1st period - Snap shot by Greg Stewart.
0:28 of 1st period - Stopped by Steve Mason with a rebound.
0:30 of 1st period - Slapshot by Vitaly Vishnevsky.
0:30 of 1st period - Stopped by Steve Mason with a rebound.
0:32 of 1st period - Snap shot by Jason Spezza.
0:32 of 1st period - Stopped by Steve Mason with a rebound.
0:34 of 1st period - Slapshot by Vitaly Vishnevsky.
0:34 of 1st period - Stopped by Steve Mason with a rebound.
0:54 of 1st period - Snap shot by Evgeny Dadonov.
0:54 of 1st period - Deflect By Mats Zuccarello.
0:54 of 1st period - Stopped by Steve Mason without a rebound.
0:55 of 1st period - Dustin Boyd wins face-off versus Marcus Kruger in Flyers zone.
1:08 of 1st period - Wrist shot by Marcus Kruger.
1:08 of 1st period - Deflect By Drew Miller.
1:08 of 1st period - Stopped by Mikael Tellqvist without a rebound.
1:09 of 1st period - Sidney Crosby wins face-off versus Matthew Lombardi in Canadiens zone.
1:36 of 1st period - Oliver Ekman-Larsson is hit by Greg Stewart.
2:07 of 1st period - Off-side.
2:08 of 1st period - Jeff Carter wins face-off versus Andrew Ebbett in neutral zone.
2:58 of 1st period - Evgeny Dadonov is hit by Mats Zuccarello and loses puck.
3:44 of 1st period - Matthew Lombardi is hit by Sidney Crosby and loses puck.
3:53 of 1st period - Patrick Sharp is hit by Rostislav Olesz and loses puck.
4:39 of 1st period - Brett Maclean is hit by Mats Zuccarello and loses puck.
4:55 of 1st period - Adam Pardy is hit by Stephane Robidas and loses puck.
5:10 of 1st period - Adam Pardy is hit by Kyle Wellwood and loses puck.
5:45 of 1st period - Adam Pardy is hit by Jonathan Ericsson and loses puck.
6:08 of 1st period - Jeff Carter is hit by Adam Pardy and loses puck.
7:33 of 1st period - Snap shot by David Jones.
7:33 of 1st period - Shot Misses the Net.
8:24 of 1st period - Slapshot by Greg Stewart.
8:24 of 1st period - Deflect By David Jones.
8:24 of 1st period - Stopped by Steve Mason with a rebound.
8:56 of 1st period - Jiri Tlusty is hit by Nathan Paetsch and loses puck.
9:19 of 1st period - Dustin Kohn is hit by Jonathan Ericsson and loses puck.
9:26 of 1st period - Drew Miller is hit by Jiri Tlusty and loses puck.
10:17 of 1st period - Nathan Paetsch is hit by Vitaly Vishnevsky and loses puck.
10:47 of 1st period - Andrew Ebbett is hit by Matthew Lombardi and loses puck.
11:19 of 1st period - Rostislav Olesz is hit by Luke Schenn and loses puck.
11:39 of 1st period - Vitaly Vishnevsky is hit by Oliver Ekman-Larsson.
11:57 of 1st period - Jonathan Ericsson is hit by Jiri Tlusty and loses puck.
12:12 of 1st period - Snap shot by Andrew Ebbett.
12:12 of 1st period - Shot Blocked by Jonathan Ericsson.
12:14 of 1st period - Slapshot by Wes O'Neill.
12:14 of 1st period - Stopped by Steve Mason without a rebound.
12:15 of 1st period - Jeff Carter wins face-off versus Sidney Crosby in Flyers zone.
12:35 of 1st period - Minor Penalty to Jeff Carter for Holding.
12:36 of 1st period - Wayne Simmonds wins face-off versus Sidney Crosby in Flyers zone.
13:08 of 1st period - Kyle Wellwood is hit by Joe Pavelski and loses puck.
13:17 of 1st period - Wrist shot by Patrick Sharp.
13:17 of 1st period - Shot Blocked by Jeff Woywitka.
13:31 of 1st period - Wrist shot by Patrick Sharp.
13:31 of 1st period - Shot Misses the Net.
14:35 of 1st period - Penalty to Jeff Carter is over, Jeff Carter is back on ice.
14:35 of 1st period - Slapshot by Dennis Wideman.
14:35 of 1st period - Stopped by Steve Mason with a rebound.
14:37 of 1st period - Snap shot by Dennis Wideman.
14:37 of 1st period - Deflect By Oliver Ekman-Larsson.
14:37 of 1st period - Stopped by Steve Mason with a rebound.
14:51 of 1st period - Wrist shot by Sidney Crosby.
14:51 of 1st period - Shot Misses the Net.
15:05 of 1st period - Slapshot by Oliver Ekman-Larsson.
15:05 of 1st period - Stopped by Mikael Tellqvist with a rebound.
16:11 of 1st period - Snap shot by Sidney Crosby.
16:11 of 1st period - Shot Blocked by J.T. Miller.
16:43 of 1st period - Wrist shot by Jeff Carter.
16:43 of 1st period - Shot Misses the Net.
16:57 of 1st period - Snap shot by Sidney Crosby.
16:57 of 1st period - Shot Misses the Net.
16:59 of 1st period - Slapshot by Luke Schenn.
16:59 of 1st period - Shot Blocked by Stephane Robidas.
17:01 of 1st period - Backhand shot by Sidney Crosby.
17:01 of 1st period - Shot Misses the Net.
17:03 of 1st period - Wrist shot by Patrick Sharp.
17:03 of 1st period - Stopped by Steve Mason without a rebound.
17:04 of 1st period - Kyle Wellwood wins face-off versus Jason Spezza in Flyers zone.
17:15 of 1st period - Wrist shot by Kyle Wellwood.
17:15 of 1st period - Shot Misses the Net.
17:17 of 1st period - Slapshot by Jonathan Ericsson.
17:17 of 1st period - Shot Blocked by Vitaly Vishnevsky.
17:19 of 1st period - Snap shot by Jonathan Ericsson.
17:19 of 1st period - Shot Misses the Net.
17:27 of 1st period - Minor Penalty to Jason Spezza for Roughing.
17:28 of 1st period - Kyle Wellwood wins face-off versus Brett Maclean in Canadiens zone.
19:27 of 1st period - Penalty to Jason Spezza is over, Jason Spezza is back on ice.
19:33 of 1st period - Nathan Paetsch is hit by Adam Pardy and loses puck.
19:38 of 1st period - Backhand shot by Jason Spezza.
19:38 of 1st period - Shot Misses the Net.
19:40 of 1st period - Slapshot by Dustin Boyd.
19:40 of 1st period - Shot Misses the Net.
19:42 of 1st period - Slapshot by Andrew Ebbett.
19:42 of 1st period - Stopped by Steve Mason with a rebound.
Goals for this period are 0 for Flyers vs 0 for Canadiens.
Shots for this period are 2 for Flyers vs 12 for Canadiens.
2nd period
0:01 of 2nd period - Jason Spezza wins face-off versus Kyle Wellwood in neutral zone.
0:50 of 2nd period - Jonathan Ericsson is hit by Dustin Boyd and loses puck.
1:19 of 2nd period - Snap shot by Jiri Tlusty.
1:19 of 2nd period - Stopped by Steve Mason with a rebound.
1:21 of 2nd period - Slapshot by Luke Schenn.
1:21 of 2nd period - Shot Misses the Net.
1:23 of 2nd period - Slapshot by Luke Schenn.
1:23 of 2nd period - Shot Blocked by Nathan Paetsch.
1:35 of 2nd period - Wrist shot by Kyle Wellwood.
1:35 of 2nd period - Stopped by Mikael Tellqvist with a rebound.
1:43 of 2nd period - Snap shot by Jason Spezza.
1:43 of 2nd period - Stopped by Steve Mason with a rebound.
2:18 of 2nd period - Snap shot by Evgeny Dadonov.
2:18 of 2nd period - Shot Blocked by Jeff Woywitka.
2:20 of 2nd period - Backhand shot by Wes O'Neill.
2:20 of 2nd period - Deflect By Drew Miller.
2:20 of 2nd period - Stopped by Steve Mason with a rebound.
2:26 of 2nd period - Snap shot by Dustin Boyd.
2:26 of 2nd period - Shot Misses the Net.
2:42 of 2nd period - Snap shot by Jason Spezza.
2:42 of 2nd period - Shot Misses the Net.
2:58 of 2nd period - Wrist shot by Joe Pavelski.
2:58 of 2nd period - Stopped by Steve Mason without a rebound.
2:59 of 2nd period - Sidney Crosby wins face-off versus Jeff Carter in Flyers zone.
3:00 of 2nd period - Snap shot by Joe Pavelski.
3:00 of 2nd period - Shot Misses the Net.
4:01 of 2nd period - Minor Penalty to Oliver Ekman-Larsson for Interference.
4:02 of 2nd period - Matthew Lombardi wins face-off versus Sidney Crosby in Flyers zone.
4:02 of 2nd period - Matthew Lombardi is hit by Dennis Wideman.
4:08 of 2nd period - Backhand shot by Sidney Crosby.
4:08 of 2nd period - Deflect By Joe Pavelski.
4:08 of 2nd period - Shot Blocked by Matthew Lombardi.
4:08 of 2nd period - Puck is out of play.
4:09 of 2nd period - Rostislav Olesz wins face-off versus Sidney Crosby in Flyers zone.
4:20 of 2nd period - Backhand shot by Dennis Wideman.
4:20 of 2nd period - Shot Misses the Net.
4:22 of 2nd period - Slapshot by Dennis Wideman.
4:22 of 2nd period - Deflect By Sidney Crosby.
4:22 of 2nd period - Stopped by Steve Mason with a rebound.
4:24 of 2nd period - Slapshot by Dennis Wideman.
4:24 of 2nd period - Shot Misses the Net.
4:36 of 2nd period - Slapshot by Patrick Sharp.
4:36 of 2nd period - Goal by Patrick Sharp - Flyers : 0 - Canadiens : 1.
4:37 of 2nd period - Jeff Carter wins face-off versus Jason Spezza in neutral zone.
5:29 of 2nd period - Wrist shot by Evgeny Dadonov.
5:29 of 2nd period - Stopped by Steve Mason without a rebound.
5:30 of 2nd period - Dustin Boyd wins face-off versus Jeff Carter in Flyers zone.
5:53 of 2nd period - Wrist shot by Dustin Boyd.
5:53 of 2nd period - Stopped by Steve Mason without a rebound.
5:54 of 2nd period - Jason Spezza wins face-off versus Kyle Wellwood in Flyers zone.
6:03 of 2nd period - Snap shot by David Jones.
6:03 of 2nd period - Shot Blocked by Stephane Robidas.
6:05 of 2nd period - Snap shot by Dennis Wideman.
6:05 of 2nd period - Shot Blocked by Jakub Voracek.
6:07 of 2nd period - Slapshot by Dennis Wideman.
6:07 of 2nd period - Stopped by Steve Mason with a rebound.
6:09 of 2nd period - Snap shot by Jason Spezza.
6:09 of 2nd period - Shot Blocked by Dany Heatley.
6:53 of 2nd period - Snap shot by Dustin Boyd.
6:53 of 2nd period - Shot Misses the Net.
7:11 of 2nd period - Snap shot by Jakub Voracek.
7:11 of 2nd period - Stopped by Mikael Tellqvist with a rebound.
7:13 of 2nd period - Snap shot by Dany Heatley.
7:13 of 2nd period - Stopped by Mikael Tellqvist without a rebound.
7:14 of 2nd period - Kyle Wellwood wins face-off versus Andrew Ebbett in Canadiens zone.
7:15 of 2nd period - Snap shot by Jakub Voracek.
7:15 of 2nd period - Shot Misses the Net.
7:33 of 2nd period - Minor Penalty to Jeff Woywitka for Hooking.
7:34 of 2nd period - Matthew Lombardi wins face-off versus Sidney Crosby in Flyers zone.
9:33 of 2nd period - Penalty to Jeff Woywitka is over, Jeff Woywitka is back on ice.
9:47 of 2nd period - Wayne Simmonds is hit by Dustin Boyd and loses puck.
10:00 of 2nd period - Snap shot by Andrew Ebbett.
10:00 of 2nd period - Stopped by Steve Mason without a rebound.
10:01 of 2nd period - Andrew Ebbett wins face-off versus Marcus Kruger in Flyers zone.
10:26 of 2nd period - Dustin Boyd is hit by J.T. Miller and loses puck.
10:31 of 2nd period - Slapshot by Jeff Carter.
10:31 of 2nd period - Shot Misses the Net.
11:02 of 2nd period - Snap shot by Jakub Voracek.
11:02 of 2nd period - Shot Blocked by Adam Pardy.
11:24 of 2nd period - Matthew Lombardi is hit by Jason Spezza.
11:49 of 2nd period - Wrist shot by Jason Spezza.
11:49 of 2nd period - Deflect By Greg Stewart.
11:49 of 2nd period - Shot Blocked by Jeff Woywitka.
11:49 of 2nd period - Puck is out of play.
11:50 of 2nd period - Jeff Carter wins face-off versus Joe Pavelski in Flyers zone.
12:17 of 2nd period - Mats Zuccarello is hit by Dustin Boyd.
12:23 of 2nd period - Drew Miller is hit by Dennis Wideman and loses puck.
12:40 of 2nd period - Dany Heatley is hit by Ladislav Nagy and loses puck.
13:19 of 2nd period - Joe Pavelski is hit by Rostislav Olesz and loses puck.
13:27 of 2nd period - Icing by Dustin Kohn.
13:28 of 2nd period - Jeff Carter wins face-off versus Sidney Crosby in Canadiens zone.
13:31 of 2nd period - Snap shot by Jeff Carter.
13:31 of 2nd period - Shot Misses the Net.
13:52 of 2nd period - Wrist shot by Sidney Crosby.
13:52 of 2nd period - Stopped by Steve Mason with a rebound.
13:54 of 2nd period - Snap shot by Patrick Sharp.
13:54 of 2nd period - Shot Blocked by Jeff Woywitka.
13:56 of 2nd period - Snap shot by Adam Pardy.
13:56 of 2nd period - Deflect By Sidney Crosby.
13:56 of 2nd period - Stopped by Steve Mason with a rebound.
13:58 of 2nd period - Snap shot by Dustin Kohn.
13:58 of 2nd period - Shot Blocked by Kyle Wellwood.
15:39 of 2nd period - Snap shot by Joe Pavelski.
15:39 of 2nd period - Goal by Joe Pavelski - Flyers : 0 - Canadiens : 2.
15:40 of 2nd period - Jason Spezza wins face-off versus Jeff Carter in neutral zone.
16:05 of 2nd period - Stephane Robidas is hit by Brett Maclean and loses puck.
16:14 of 2nd period - Snap shot by Marcus Kruger.
16:14 of 2nd period - Stopped by Mikael Tellqvist without a rebound.
16:15 of 2nd period - Jeff Carter wins face-off versus Jason Spezza in Canadiens zone.
16:24 of 2nd period - Wrist shot by Jeff Carter.
16:24 of 2nd period - Shot Misses the Net.
17:07 of 2nd period - Vitaly Vishnevsky is hit by Matthew Lombardi and loses puck.
17:51 of 2nd period - Snap shot by Marcus Kruger.
17:51 of 2nd period - Stopped by Mikael Tellqvist with a rebound.
18:57 of 2nd period - Brett Maclean is hit by Drew Miller and loses puck.
Goals for this period are 0 for Flyers vs 2 for Canadiens.
Shots for this period are 5 for Flyers vs 13 for Canadiens.
3rd period
0:01 of 3rd period - Wayne Simmonds wins face-off versus Sidney Crosby in neutral zone.
0:10 of 3rd period - Slapshot by Dennis Wideman.
0:10 of 3rd period - Stopped by Steve Mason with a rebound.
0:22 of 3rd period - Penalty Shot by Jonathan Ericsson for Flyers.
0:22 of 3rd period - Snap shot by Jonathan Ericsson.
0:22 of 3rd period - Stopped by Mikael Tellqvist.
0:23 of 3rd period - Jason Spezza wins face-off versus Kyle Wellwood in Flyers zone.
0:36 of 3rd period - Snap shot by Jason Spezza.
0:36 of 3rd period - Shot Misses the Net.
1:16 of 3rd period - Wrist shot by Ladislav Nagy.
1:16 of 3rd period - Shot Blocked by Wayne Simmonds.
1:20 of 3rd period - Wrist shot by Andrew Ebbett.
1:20 of 3rd period - Shot Blocked by Jeff Woywitka.
1:35 of 3rd period - Off-side.
1:36 of 3rd period - Sidney Crosby wins face-off versus Rostislav Olesz in neutral zone.
1:47 of 3rd period - Patrick Sharp is hit by Matthew Lombardi.
1:57 of 3rd period - Wrist shot by Alexei Morozov.
1:57 of 3rd period - Shot Blocked by Sidney Crosby.
1:59 of 3rd period - Snap shot by Rostislav Olesz.
1:59 of 3rd period - Stopped by Mikael Tellqvist without a rebound.
2:00 of 3rd period - Jason Spezza wins face-off versus Jeff Carter in Canadiens zone.
2:07 of 3rd period - Wrist shot by Jeff Carter.
2:07 of 3rd period - Deflect By J.T. Miller.
2:07 of 3rd period - Shot Blocked by Dennis Wideman.
2:07 of 3rd period - Puck is out of play.
2:08 of 3rd period - Jeff Carter wins face-off versus Jason Spezza in Canadiens zone.
2:09 of 3rd period - Snap shot by J.T. Miller.
2:09 of 3rd period - Stopped by Mikael Tellqvist without a rebound.
2:10 of 3rd period - Jeff Carter wins face-off versus Jason Spezza in Canadiens zone.
2:17 of 3rd period - Snap shot by Jeff Carter.
2:17 of 3rd period - Deflect By Wayne Simmonds.
2:17 of 3rd period - Stopped by Mikael Tellqvist with a rebound.
2:40 of 3rd period - Slapshot by J.T. Miller.
2:40 of 3rd period - Stopped by Mikael Tellqvist without a rebound.
2:41 of 3rd period - Sidney Crosby wins face-off versus Kyle Wellwood in Canadiens zone.
2:43 of 3rd period - Minor Penalty to Patrick Sharp for Tripping.
2:44 of 3rd period - Jeff Carter wins face-off versus Sidney Crosby in Canadiens zone.
2:46 of 3rd period - Wrist shot by Jeff Carter.
2:46 of 3rd period - Deflect By Wayne Simmonds.
2:46 of 3rd period - Deflect By Luke Schenn.
2:46 of 3rd period - Stopped by Mikael Tellqvist without a rebound.
2:47 of 3rd period - Sidney Crosby wins face-off versus Wayne Simmonds in Canadiens zone.
4:43 of 3rd period - Penalty to Patrick Sharp is over, Patrick Sharp is back on ice.
5:08 of 3rd period - Patrick Sharp is hit by Rostislav Olesz.
5:24 of 3rd period - Slapshot by Wes O'Neill.
5:24 of 3rd period - Stopped by Steve Mason without a rebound.
5:25 of 3rd period - Andrew Ebbett wins face-off versus Marcus Kruger in Flyers zone.
5:28 of 3rd period - Wrist shot by Ladislav Nagy.
5:28 of 3rd period - Shot Blocked by Jeff Woywitka.
5:47 of 3rd period - Icing by Adam Pardy.
5:48 of 3rd period - Jason Spezza wins face-off versus Jeff Carter in Canadiens zone.
6:07 of 3rd period - Jeff Carter is hit by Dustin Kohn and loses puck.
6:45 of 3rd period - Wrist shot by David Jones.
6:45 of 3rd period - Stopped by Steve Mason without a rebound.
6:46 of 3rd period - Kyle Wellwood wins face-off versus Sidney Crosby in Flyers zone.
7:01 of 3rd period - Wrist shot by Kyle Wellwood.
7:01 of 3rd period - Stopped by Mikael Tellqvist with a rebound.
7:03 of 3rd period - Slapshot by Jonathan Ericsson.
7:03 of 3rd period - Stopped by Mikael Tellqvist without a rebound.
7:04 of 3rd period - Dustin Boyd wins face-off versus Marcus Kruger in Canadiens zone.
7:37 of 3rd period - Snap shot by Jakub Voracek.
7:37 of 3rd period - Stopped by Mikael Tellqvist without a rebound.
7:38 of 3rd period - Kyle Wellwood wins face-off versus Sidney Crosby in Canadiens zone.
7:47 of 3rd period - Snap shot by Jakub Voracek.
7:47 of 3rd period - Stopped by Mikael Tellqvist with a rebound.
7:49 of 3rd period - Snap shot by Oliver Ekman-Larsson.
7:49 of 3rd period - Shot Misses the Net.
7:51 of 3rd period - Slapshot by Kyle Wellwood.
7:51 of 3rd period - Deflect By Jakub Voracek.
7:51 of 3rd period - Goal by Jakub Voracek - Flyers : 1 - Canadiens : 2.
7:52 of 3rd period - Sidney Crosby wins face-off versus J.T. Miller in neutral zone.
8:05 of 3rd period - Wrist shot by Joe Pavelski.
8:05 of 3rd period - Shot Blocked by Jonathan Ericsson.
8:07 of 3rd period - Snap shot by Patrick Sharp.
8:07 of 3rd period - Shot Blocked by Wayne Simmonds.
8:09 of 3rd period - Snap shot by Sidney Crosby.
8:09 of 3rd period - Shot Misses the Net.
8:27 of 3rd period - Wrist shot by Dany Heatley.
8:27 of 3rd period - Shot Misses the Net.
8:29 of 3rd period - Wrist shot by Jonathan Ericsson.
8:29 of 3rd period - Goal by Jonathan Ericsson - Flyers : 2 - Canadiens : 2.
8:30 of 3rd period - Sidney Crosby wins face-off versus Wayne Simmonds in neutral zone.
8:57 of 3rd period - Dennis Wideman is hit by Drew Miller and loses puck.
9:20 of 3rd period - Snap shot by Andrew Ebbett.
9:20 of 3rd period - Shot Misses the Net.
9:22 of 3rd period - Wrist shot by Andrew Ebbett.
9:22 of 3rd period - Stopped by Steve Mason with a rebound.
9:30 of 3rd period - Wrist shot by Andrew Ebbett.
9:30 of 3rd period - Shot Blocked by Oliver Ekman-Larsson.
9:44 of 3rd period - Stephane Robidas is hit by Brett Maclean.
9:47 of 3rd period - Oliver Ekman-Larsson is hit by Wes O'Neill and loses puck.
10:00 of 3rd period - Snap shot by Rostislav Olesz.
10:00 of 3rd period - Goal by Rostislav Olesz - Flyers : 3 - Canadiens : 2.
10:01 of 3rd period - Jeff Carter wins face-off versus Sidney Crosby in neutral zone.
10:04 of 3rd period - Slapshot by Jonathan Ericsson.
10:04 of 3rd period - Deflect By Sidney Crosby.
10:04 of 3rd period - Stopped by Mikael Tellqvist without a rebound.
10:05 of 3rd period - Jeff Carter wins face-off versus Sidney Crosby in Canadiens zone.
10:06 of 3rd period - Slapshot by J.T. Miller.
10:06 of 3rd period - Shot Misses the Net.
10:08 of 3rd period - Slapshot by Jonathan Ericsson.
10:08 of 3rd period - Stopped by Mikael Tellqvist without a rebound.
10:09 of 3rd period - Jeff Carter wins face-off versus Sidney Crosby in Canadiens zone.
10:10 of 3rd period - Snap shot by Wayne Simmonds.
10:10 of 3rd period - Stopped by Mikael Tellqvist without a rebound.
10:11 of 3rd period - Sidney Crosby wins face-off versus Jeff Carter in Canadiens zone.
10:21 of 3rd period - Icing by Jonathan Ericsson.
10:22 of 3rd period - Jeff Carter wins face-off versus Sidney Crosby in Flyers zone.
10:22 of 3rd period - Jeff Carter is hit by Joe Pavelski.
10:32 of 3rd period - Dennis Wideman is hit by Wayne Simmonds and loses puck.
11:12 of 3rd period - Slapshot by Jonathan Ericsson.
11:12 of 3rd period - Shot Misses the Net.
11:14 of 3rd period - Snap shot by J.T. Miller.
11:14 of 3rd period - Shot Misses the Net.
11:16 of 3rd period - Slapshot by Jeff Woywitka.
11:16 of 3rd period - Shot Blocked by Dennis Wideman.
11:18 of 3rd period - Slapshot by Jonathan Ericsson.
11:18 of 3rd period - Shot Blocked by Dustin Boyd.
11:20 of 3rd period - Snap shot by Jonathan Ericsson.
11:20 of 3rd period - Stopped by Mikael Tellqvist without a rebound.
11:21 of 3rd period - Kyle Wellwood wins face-off versus Sidney Crosby in Canadiens zone.
11:27 of 3rd period - Minor Penalty to Vitaly Vishnevsky for Holding.
11:28 of 3rd period - Sidney Crosby wins face-off versus Kyle Wellwood in Canadiens zone.
11:39 of 3rd period - Off-side.
11:40 of 3rd period - Sidney Crosby wins face-off versus Jeff Carter in neutral zone.
12:42 of 3rd period - Oliver Ekman-Larsson is hit by Jason Spezza and loses puck.
13:11 of 3rd period - Luke Schenn is hit by Jeff Carter and loses puck.
13:27 of 3rd period - Penalty to Vitaly Vishnevsky is over, Vitaly Vishnevsky is back on ice.
14:02 of 3rd period - Snap shot by Alexei Morozov.
14:02 of 3rd period - Stopped by Mikael Tellqvist without a rebound.
14:03 of 3rd period - Matthew Lombardi wins face-off versus Dustin Boyd in Canadiens zone.
14:11 of 3rd period - Minor Penalty to Dustin Boyd for Hooking.
14:12 of 3rd period - Sidney Crosby wins face-off versus Jeff Carter in Canadiens zone.
14:40 of 3rd period - Dennis Wideman is hit by Stephane Robidas.
16:11 of 3rd period - Penalty to Dustin Boyd is over, Dustin Boyd is back on ice.
16:19 of 3rd period - Mats Zuccarello is hit by Dustin Kohn and loses puck.
16:24 of 3rd period - Snap shot by Dustin Boyd.
16:24 of 3rd period - Stopped by Steve Mason without a rebound.
16:25 of 3rd period - Marcus Kruger wins face-off versus Dustin Boyd in Flyers zone.
16:48 of 3rd period - Wes O'Neill is hit by Mats Zuccarello and loses puck.
16:53 of 3rd period - Snap shot by Drew Miller.
16:53 of 3rd period - Stopped by Mikael Tellqvist with a rebound.
16:55 of 3rd period - Snap shot by Drew Miller.
16:55 of 3rd period - Shot Misses the Net.
16:57 of 3rd period - Wrist shot by Drew Miller.
16:57 of 3rd period - Stopped by Mikael Tellqvist with a rebound.
16:59 of 3rd period - Slapshot by Nathan Paetsch.
16:59 of 3rd period - Shot Blocked by Brett Maclean.
17:01 of 3rd period - Wrist shot by Nathan Paetsch.
17:01 of 3rd period - Deflect By Brett Maclean.
17:01 of 3rd period - Stopped by Mikael Tellqvist without a rebound.
17:02 of 3rd period - Sidney Crosby wins face-off versus Jeff Carter in Canadiens zone.
17:18 of 3rd period - Wrist shot by Sidney Crosby.
17:18 of 3rd period - Stopped by Steve Mason without a rebound.
17:19 of 3rd period - Jason Spezza wins face-off versus Kyle Wellwood in Flyers zone.
17:32 of 3rd period - Slapshot by Jeff Woywitka.
17:32 of 3rd period - Stopped by Mikael Tellqvist without a rebound.
17:33 of 3rd period - Evgeny Dadonov wins face-off versus Marcus Kruger in Canadiens zone.
19:16 of 3rd period - Snap shot by Dany Heatley.
19:16 of 3rd period - Stopped by Mikael Tellqvist without a rebound.
19:17 of 3rd period - Kirk Muller call a timeout for Canadiens.
19:17 of 3rd period - Sidney Crosby wins face-off versus Matthew Lombardi in Canadiens zone.
19:29 of 3rd period - Icing by Dennis Wideman.
19:30 of 3rd period - Matthew Lombardi wins face-off versus Sidney Crosby in Canadiens zone.
19:41 of 3rd period - Snap shot by Dany Heatley.
19:41 of 3rd period - Stopped by Mikael Tellqvist with a rebound.
19:43 of 3rd period - Snap shot by Wayne Simmonds.
19:43 of 3rd period - Shot Blocked by Patrick Sharp.
19:54 of 3rd period - Off-side.
19:55 of 3rd period - Sidney Crosby wins face-off versus Matthew Lombardi in neutral zone.
19:58 of 3rd period - Canadiens, Mikael Tellqvist is pulled from the net.
Goals for this period are 3 for Flyers vs 0 for Canadiens.
Shots for this period are 23 for Flyers vs 6 for Canadiens.
Back to the Top